 Dungeon Crawl Stone Soup version 0.30.0-18-gc0e69614cb (webtiles) character file.

Game seed: 5883819308741551056

11 Brutalitops the Vexing (level 2, 0/20 HPs)
             Began as a Vampire Hexslinger on May 25, 2023.
             Succumbed to a goblin's poison
             ... on level 1 of the Dungeon.
             The game lasted 00:01:13 (112 turns).

Brutalitops the Vexing (Vampire Hexslinger)          Turns: 112, Time: 00:01:14

Health: 0/20       AC:  2    Str:  9    XL:     2   Next: 13%
Magic:  3/3        EV: 12    Int: 15    God:
Gold:   28         SH:  0    Dex: 14    Spells: 2/3 levels left

rFire   . . .        a - +1 sling
rCold   . . .        (no shield)
rNeg    . . .        c - +0 robe
rPois   .            (no helmet)
rElec   .            (no cloak)
rCorr   .            (no gloves)
SInv    +            (no boots)
Will    .....        (no amulet)
Stlth   +            (no ring)
HPRegen 0.43/turn    (no ring)
MPRegen 0.08/turn

%: no passive effects
@: mighty, lethally poisoned (0 -> -1), healing quickly
A: alive, fangs 3, see invisible, vampiric 1
a: Exsanguinate


You were on level 1 of the Dungeon.
You visited 1 branch of the dungeon, and saw 1 of its levels.

You collected 28 gold pieces.

Inventory:

Hand Weapons
 a - a +1 sling (weapon)
 e - a +0 dagger of venom
Armour
 c - a +0 robe (worn)
Scrolls
 b - a scroll of poison
 d - a scroll of blinking {unknown}


   Skills:
 + Level 0.9 Fighting
 + Level 2.0 Ranged Weapons
 + Level 2.7 Dodging
 - Level 1.0 Spellcasting
 - Level 4.4 Hexes


You had 2 spell levels left.
You knew the following spells:

 Your Spells              Type           Power      Damage    Failure   Level
a - Slow                  Hex            52%        N/A       4%          1

Your spell library contained the following spells:

 Spells                   Type           Power      Damage    Failure   Level
 Inner Flame              Hex/Fire       7%         N/A       30%         3
 Portal Projectile        Hex/Tloc       14%        N/A       30%         3
 Cause Fear               Hex            6%         N/A       38%         4


Dungeon Overview and Level Annotations

Branches:
Dungeon (1/15)

Altars:


Innate Abilities, Weirdness & Mutations

Your natural rate of healing is accelerated.
You have razor-sharp teeth.
You have supernaturally acute eyesight. (SInv)
You are afflicted with vampirism.


Message History

The sling bullet closely misses the goblin.
The goblin closely misses you.
Fire: a) +1 sling
Press: ? - help, Shift-Dir - straight line, f/p - goblin
Aim: a goblin, wielding a +0 dagger of venom (50% to hit)
You shoot a sling bullet. The sling bullet hits the goblin.
The goblin is heavily wounded.
The goblin hits you but does no damage.
You are poisoned.
The goblin hits you with a +0 dagger of venom.
You are lethally poisoned!
Fire: a) +1 sling
Press: ? - help, Shift-Dir - straight line, f/p - goblin
Aim: a goblin, wielding a +0 dagger of venom (heavily wounded, 50% to hit)
You shoot a sling bullet. The sling bullet hits the goblin.
You kill the goblin!
You feel very sick.
Okay, then.
It was a potion of might.
You feel very mighty all of a sudden.
You feel very sick.
* * * LOW HITPOINT WARNING * * *
You feel sick.
Things that are here:
a +0 dagger of venom; a goblin corpse
e - a +0 dagger of venom
* * * LOW HITPOINT WARNING * * *
You feel sick.
* * * LOW HITPOINT WARNING * * *
You feel sick.
* * * LOW HITPOINT WARNING * * *
You feel sick.
You see here a goblin corpse.
* * * LOW HITPOINT WARNING * * *
You feel sick.
* * * LOW HITPOINT WARNING * * *
You feel sick.
* * * LOW HITPOINT WARNING * * *
You feel sick.
You die...

#. #.# #.##
###..# ....#
##..# #..$####
.#######.#....#
.......@...†..#
.#########.#..#
#.#..# #.#..# #
+## #.#..#
8...8 [.#..#
##.#.##
###..######
#8.#.8#
#........
##.#.## ..#
#.#######


There were no monsters in sight!

Vanquished Creatures
  A bat (D:1)
  An endoplasm (D:1)
  A goblin (D:1)
  4 jackals (D:1)
  A quokka (D:1)
8 creatures vanquished.

Notes
Turn   | Place    | Note
-------+----------+-------------------------------------------
     0 | D:1      | Brutalitops the Vampire Hexslinger began the quest for the
                  | Orb.
     0 | D:1      | Reached XP level 1. HP: 14/14 MP: 2/2
    62 | D:1      | Reached XP level 2. HP: 20/20 MP: 3/3
   111 | D:1      | HP: 1/20 [poisoned by a goblin]
   112 | D:1      | Succumbed to a goblin's poison

Illustrated notes

Levels and vault maps discovered:
D:1:      heliophobic_arrival_ceremonial_halls, layout_loops_ring,
          minmay_tromino_v4_b

Skill      XL: |  1  2 |
---------------+-------+-----
Ranged Weapons | 2 |  2.0
Fighting       | |  0.9
Dodging        | |  2.7
Spellcasting   | |  1.0
Hexes          | |  4.4

Action                     || total
---------------------------++-------
   Fire: Sling             ||    42
    Use: Potion            ||     1
 Armour: Robe              ||    10
  Dodge: Dodged            ||    31
